 Dungeon Crawl Stone Soup version 0.32-a0-576-g706899e69d (webtiles) character file.

Game seed: 2105040853565509257

420 gimp the Digger (level 6, 0/61 HPs)
             Began as a Coglin Earth Elementalist on Mar 1, 2024.
             Slain by a lemure (4 damage)
             ... led by Pikel
             ... on level 4 of the Dungeon.
             The game lasted 00:06:00 (3274 turns).

gimp the Digger (Coglin Earth Elementalist)         Turns: 3274, Time: 00:06:01

Health: 0/61       AC: 23    Str:  8    XL:     6   Next: 94%
Magic:  4/10       EV:  2    Int: 16    God:
Gold:   102        SH:  0    Dex: 15    Spells: 7/11 levels left

rFire   . . .        a - +0 dagger {Nomusa}
rCold   . . .        b - +0 dagger (holy) {Egbert}
rNeg    . . .        c - melded +0 robe
rPois   +            (helmet currently unavailable)
rElec   .            s - melded +1 cloak
rCorr   .            (gloves currently unavailable)
SInv    .            (boots currently unavailable)
Will    .....        (no amulet)
Stlth   ++           (no ring)
HPRegen 0.30/turn    (no ring)
MPRegen 0.12/turn    (no gizmo)

%: no passive effects
@: tree-form, revved
A: stationary, stasis, torment immunity, boosted hp, off-hand wielding, slow
wielding, warmup strikes, (no jewellery)
a: Invent Gizmo


You were on level 4 of the Dungeon.
You were a tree.
You visited 1 branch of the dungeon, and saw 4 of its levels.

You collected 141 gold pieces.
You spent 39 gold pieces at shops.

Inventory:

Hand Weapons
 a - a +0 dagger (weapon) {Nomusa}
 b - a +0 dagger of holy wrath (offhand) {Egbert}
Armour
 c - a +0 robe (melded)
 s - a +1 cloak (melded)
Scrolls
 t - a scroll of acquirement
Potions
 h - a potion of attraction
 m - a potion of invisibility {unknown}
 o - a potion of resistance {unknown}
 p - a potion of enlightenment {unknown}
 q - a potion of cancellation
 r - a potion of degeneration {unknown}


   Skills:
 - Level 1.7 Dodging
 - Level 1.5 Stealth
 + Level 3.0 Spellcasting
 * Level 3.9 Conjurations
 * Level 4.8 Earth Magic


You had 7 spell levels left.
You knew the following spells:

 Your Spells              Type           Power      Damage    Failure   Level
a - Sandblast             Erth           36%        2d10      2%          1
b - Stone Arrow           Conj/Erth      32%        3d9       9%          3

Your spell library contained the following spells:

 Spells                   Type           Power      Damage    Failure   Level
 Magic Dart               Conj           60%        1d6       3%          1
 Searing Ray              Conj           30%        2d5       5%          2
 Passwall                 Erth           18%        N/A       8%          3
 Brom's Barrelling Bould  Conj/Erth      16%        2d4       30%         4
 Petrify                  Alch/Erth      10%        N/A       56%         4
 Fulminant Prism          Conj/Alch      4%         3d5       63%         4


Dungeon Overview and Level Annotations

Branches:
Dungeon (4/15)
 Temple: D:4-7

Altars:
The Shining One

Shops:
D:2 *

Annotations:
D:4 Pikel


Innate Abilities, Weirdness & Mutations

You are a tree.
Your roots penetrate the ground, keeping you stationary.
You cannot be teleported.
You are immune to unholy pain and torment.
Your maximum health is greatly increased.
Your equipment is partially melded.
You can wield a second weapon in your off-hand.
It takes a long time for you to wield or remove held weapons.
Your first few attacks do less damage.
((You cannot equip rings or amulets.))


Message History

You hit the lemure with your +0 dagger. The lemure hits you but does no damage.
You hit the lemure with your +0 dagger of holy wrath.
The lemure convulses.
The lemure is heavily wounded.
You closely miss the lemure with your +0 dagger.
The lemure hits you but does no damage.
You closely miss the lemure with your +0 dagger.
The lemure is heavily wounded.
You hit the lemure but do no damage. The lemure hits you but does no damage.
You hit the lemure with your +0 dagger of holy wrath.
The lemure convulses.
The lemure is heavily wounded.
You hit the lemure with your +0 dagger. The lemure hits you.
You take 4 damage, and have 21/61 hp.
You miss the lemure with your +0 dagger.
The lemure is severely wounded.
You closely miss the lemure with your +0 dagger of holy wrath.
The lemure hits you.
* * * LOW HITPOINT WARNING * * *
You take 5 damage, and have 16/61 hp.
You hit the lemure with your +0 dagger of holy wrath.
The lemure convulses.
The lemure is severely wounded.
You hit the lemure with your +0 dagger. The lemure hits you but does no damage.
You hit the lemure but do no damage.
The lemure is almost dead.
You hit the lemure with your +0 dagger of holy wrath.
The lemure convulses.
You kill the lemure!
That felt strangely unrewarding.
You hit the lemure but do no damage.
The lemure is heavily wounded.
You hit the lemure with your +0 dagger. The lemure hits you but does no damage.
You hit the lemure with your +0 dagger.
The lemure is severely wounded.
You closely miss the lemure with your +0 dagger of holy wrath.
Your transformation is almost over.
The lemure hits you but does no damage.
You closely miss the lemure with your +0 dagger.
The lemure is severely wounded.
You hit the lemure with your +0 dagger of holy wrath.
The lemure convulses.
The lemure hits you but does no damage.
You hit the lemure but do no damage.
The lemure is severely wounded.
You hit the lemure but do no damage. The lemure hits you but does no damage.
You barely miss the lemure with your +0 dagger of holy wrath.
The lemure is severely wounded.
You barely miss the lemure with your +0 dagger.
The lemure hits you.
* * * LOW HITPOINT WARNING * * *
You take 5 damage, and have 13/61 hp.
You hit the lemure with your +0 dagger.
The lemure is severely wounded.
You hit the lemure but do no damage. The lemure hits you.
* * * LOW HITPOINT WARNING * * *
You take 2 damage, and have 11/61 hp.
You are stuck in your current form!
You hit the lemure but do no damage.
The lemure is severely wounded.
You miss the lemure with your +0 dagger.
The lemure hits you.
* * * LOW HITPOINT WARNING * * *
You take 1 damage, and have 10/61 hp.
You barely miss the lemure with your +0 dagger of holy wrath.
The lemure is severely wounded.
You hit the lemure but do no damage. The lemure hits you but does no damage.
You closely miss the lemure with your +0 dagger of holy wrath.
The lemure is severely wounded.
You hit the lemure but do no damage. The lemure hits you but does no damage.
Okay, then.
You hit the lemure but do no damage.
The lemure is severely wounded.
You barely miss the lemure with your +0 dagger.
The lemure hits you.
* * * LOW HITPOINT WARNING * * *
You take 1 damage, and have 10/61 hp.
You hit the lemure with your +0 dagger.
The lemure is almost dead.
You closely miss the lemure with your +0 dagger of holy wrath.
The lemure hits you but does no damage.
You hit the lemure with your +0 dagger.
The lemure is almost dead.
You barely miss the lemure with your +0 dagger of holy wrath.
You feel less wooden.
Your +1 cloak unmelds from your body.
Your +0 robe unmelds from your body.
The lemure hits you.
* * * LOW HITPOINT WARNING * * *
You now have 2/41 hp.
You turn into a tree.
Your +1 cloak melds into your body.
Your +0 robe melds into your body.
Your roots penetrate the ground.
The lemure barely misses you.
You now have 3/61 hp.
You barely miss the lemure with your +0 dagger of holy wrath.
The lemure is almost dead.
You hit the lemure but do no damage. The lemure hits you but does no damage.
You closely miss the lemure with your +0 dagger.
The lemure is almost dead.
You closely miss the lemure with your +0 dagger of holy wrath.
The lemure hits you.
You die...

#. #. #. # #. .. ..
####### #. #.###.
....... #. .###.#...
######. #. 5.K..#.#. #
#. #.5.... # #
#†######## #..#.#.
######.#
#.♣5K....####..#.#†
#.....#..
########..........†
......... #######...##
.<)..### .########
#..... ..†..#
........# ##....
.....# ##.## #..##
....... ##.#†## #..##
.........
###.###.#######†..#
.....##..
####..#####...........


You could see Pikel and a lemure.

Vanquished Creatures
  An ogre (D:4)
  2 lemures (D:4)
  2 scorpions (D:4)
  A hound (D:4)
  An orc wizard (D:3)
  4 gnolls (D:4)
  4 adders
  A dart slug (D:1)
  2 ribbon worms
  3 orcs (D:3)
  7 endoplasms
  3 giant cockroaches
  10 goblins
  5 hobgoblins
  10 jackals
  6 kobolds
  3 quokkas
  7 ball pythons
  4 bats
  2 frilled lizards
  4 rats
82 creatures vanquished.

Notes
Turn   | Place    | Note
-------+----------+-------------------------------------------
     0 | D:1      | gimp the Coglin Earth Elementalist began the quest for the
                  | Orb.
     0 | D:1      | Reached XP level 1. HP: 13/13 MP: 3/3
    20 | D:1      | Reached skill level 1 in Conjurations
   139 | D:1      | Reached XP level 2. HP: 19/19 MP: 1/4
   258 | D:1      | Reached skill level 3 in Earth Magic
   686 | D:1      | Reached XP level 3. HP: 24/24 MP: 3/6
   690 | D:1      | Learned a level 3 spell: Stone Arrow
   861 | D:2      | Found Lioty's General Store.
   893 | D:2      | Bought a potion of curing for 39 gold pieces
  1028 | D:2      | Found a faded altar of an unknown god.
  1332 | D:2      | Reached XP level 4. HP: 25/30 MP: 1/7
  1961 | D:3      | Reached XP level 5. HP: 35/35 MP: 5/8
  2463 | D:4      | Noticed an ogre
  2468 | D:4      | Killed an ogre
  2469 | D:4      | Reached skill level 4 in Earth Magic
  2531 | D:4      | Reached XP level 6. HP: 8/41 MP: 8/10
  2541 | D:4      | HP: 2/41 [adder (4)]
  2734 | D:4      | Found a glowing golden altar of the Shining One.
  3183 | D:4      | Noticed Pikel
  3204 | D:4      | Identified a scroll of acquirement
  3271 | D:4      | HP: 2/41 [lemure[Pikel] (5)]
  3274 | D:4      | Slain by a lemure

Illustrated notes

Levels and vault maps discovered:
D:1:      lemuel_arrival_lava_pool, layout_rooms, minivault_26
D:2:      layout_rooms, serial_shops, nicolae_shop_just_a_little_nook,
          hellmonk_ecumenical_altar_dog_temple, st_stairs_3,
          hangedman_feature_mirror
D:3:      layout_loops_ring, dk_vineyard_1, small_statue_alley_b
D:4:      layout_loops_ring, lemuel_crystal_altar, minmay_temple_entry_tees,
          uniq_pikel

Skill      XL: |  1  2  3  4  5  6 |
---------------+-------------------+-----
Conjurations   | 1 2 3 |  3.9
Earth Magic    | 3 4 |  4.8
Spellcasting   | 2 3 |  3.0
Dodging        | |  1.7
Stealth        | |  1.5

Action                     |  1- 3 |  4- 6 || total
---------------------------+-------+-------++-------
  Melee: Dagger            |    22 |    98 ||   120
   Cast: Sandblast         |    59 |    87 ||   146
    Use: Potion            |       |    10 ||    10
         Scroll            |       |     7 ||     7
 Armour: Robe              |    18 |    33 ||    51
         Skin              |       |    81 ||    81
  Dodge: Dodged            |    20 |    47 ||    67

Table legend: (Time is in decaauts)
 A = Elapsed time spent in this place.
 B = Non-inter-level travel time spent in this place.
 C = Inter-level travel time spent in this place.
 D = Time resting spent in this place.
 E = Time spent auto-exploring this place.
 F = Levels seen in this place.
 G = Mean time per level.
                   A        B        C        D        E       F      G
               +--------+--------+--------+--------+--------+-----+--------+
         Total |   3348 |   3282 |     66 |      0 |   2654 |   4 |  837.0 |
       Dungeon |   3348 |   3282 |     66 |      0 |   2654 |   4 |  837.0 |
               +--------+--------+--------+--------+--------+-----+--------+

Top non-repeatable levels by time:
     D:3: 1105 daAuts
     D:1: 812 daAuts
     D:2: 737 daAuts
     D:4: 694 daAuts
